 Dungeon Crawl Stone Soup version 0.21.1-1-g345015f (webtiles) character file.

15696 Kairos the Cleaver (level 12, -3/94 HPs)
             Began as a Formicid Fighter on Apr 7, 2018.
             Was a High Priest of Okawaru.
             Slain by an eight-headed hydra (11 damage)
             ... on level 11 of the Dungeon on Apr 8, 2018.
             The game lasted 00:38:20 (11419 turns).

Kairos the Cleaver (Formicid Fighter)              Turns: 11419, Time: 00:38:21

Health: -3/94      AC: 26    Str: 20    XL:     12   Next: 60%
Magic:  11/12      EV: 13    Int: 16    God:    Okawaru [*****.]
Gold:   83         SH: 18    Dex: 14    Spells: 9/11 levels left

rFire    + + .     SeeInvis +   S - +0 great mace
rCold    x . .     Gourm    .   c - +0 shield
rNeg     . . .     Faith    .   B - +4 chain mail {rF+}
rPois    .         Spirit   .   (helmet unavailable)
rElec    .         Reflect  .   Q - +1 cloak
rCorr    +         Harm     .   u - +3 pair of gloves "Qonut" {Int+6}
MR       +....                  (no boots)
Stlth    ++........             w - amulet of regeneration
HPRegen  0.65/turn              o - ring of resist corrosion
MPRegen  0.13/turn              h - ring of fire

@: heroism
A: permanent stasis, dig shafts and tunnels, four strong arms, antennae 3, icy
blue scales 1, large bone plates 1, camouflage 1
a: Dig, Shaft Self, Heroism, Finesse, Renounce Religion


You were on level 11 of the Dungeon.
You worshipped Okawaru.
Okawaru was extremely pleased with you.
You were not hungry.

You visited 3 branches of the dungeon, and saw 14 of its levels.
You also visited: Sewer.

You collected 703 gold pieces.
You spent 620 gold pieces at shops.

Inventory:

Hand Weapons
 a - a +4 war axe
 b - a +0 vampiric executioner's axe
 p - a +0 quarterstaff
 r - a +0 battleaxe
 t - a +2 whip of flaming
 D - a +1 whip of draining
 G - a +4 war axe
 J - a +0 trident of freezing
 S - a +0 great mace (weapon)
Missiles
 x - 13 javelins (quivered)
Armour
 c - a +0 shield (worn)
 u - the +3 pair of gloves "Qonut" (worn) {Int+6}
   (You found it on level 5 of the Dungeon)

   It affects your intelligence (+6).
 B - a +4 chain mail of fire resistance (worn)
 Q - a +1 cloak (worn)
Jewellery
 h - a ring of fire (right hand)
 o - a ring of resist corrosion (left hand)
 w - an amulet of regeneration (around neck)
 H - a +2 amulet of reflection
Wands
 y - a wand of acid (7)
 A - a wand of random effects (63)
Scrolls
 g - a scroll of amnesia
 l - 2 scrolls of remove curse
 q - 2 scrolls of fear
 F - 2 scrolls of silence
 K - a scroll of magic mapping
 N - a scroll of enchant armour
 R - 2 scrolls of summoning {unknown}
Potions
 d - a potion of might
 e - 2 potions of lignification
 i - 2 potions of resistance
 j - a potion of agility {unknown}
 k - 6 potions of curing
 n - a potion of flight {unknown}
 s - 4 potions of brilliance
 z - a potion of cancellation {unknown}
 I - a potion of invisibility {unknown}
 L - a potion of berserk rage {unknown}
 O - 2 potions of heal wounds
Books
 m - a book of Maledictions

   Spells                             Type                      Level
   a - Corona                         Hexes                        1
   b - Ensorcelled Hibernation        Hexes/Ice                    2
   c - Confuse                        Hexes                        3
   d - Tukima's Dance                 Hexes                        3
   e - Dazzling Spray                 Conjuration/Hexes            3
 v - a book of Misfortune

   Spells                             Type                      Level
   a - Confusing Touch                Hexes                        1
   b - Confuse                        Hexes                        3
   c - Gell's Gravitas                Translocation                3
   d - Petrify                        Transmutation/Earth          4
   e - Metabolic Englaciation         Hexes/Ice                    5
   f - Yara's Violent Unravelling     Hexes/Transmutation          5
 C - a book of Flames

   Spells                             Type                      Level
   a - Flame Tongue                   Conjuration/Fire             1
   b - Throw Flame                    Conjuration/Fire             2
   c - Conjure Flame                  Conjuration/Fire             3
   d - Inner Flame                    Hexes/Fire                   3
   e - Sticky Flame                   Conjuration/Fire             4
   f - Fireball                       Conjuration/Fire             5
 E - a book of Air

   Spells                             Type                      Level
   a - Shock                          Conjuration/Air              1
   b - Swiftness                      Charms/Air                   2
   c - Static Discharge               Conjuration/Air              3
   d - Airstrike                      Air                          4
   e - Lightning Bolt                 Conjuration/Air              5
 M - a book of Callings

   Spells                             Type                      Level
   a - Summon Small Mammal            Summoning                    1
   b - Call Imp                       Summoning                    2
   c - Call Canine Familiar           Summoning                    3
   d - Summon Guardian Golem          Hexes/Summoning              3
   e - Summon Lightning Spire         Summoning/Air                4
   f - Summon Ice Beast               Ice/Summoning                4
 P - a book of Clouds

   Spells                             Type                      Level
   a - Poisonous Vapours              Poison/Air                   2
   b - Mephitic Cloud                 Conjuration/Poison/Air       3
   c - Conjure Flame                  Conjuration/Fire             3
   d - Freezing Cloud                 Conjuration/Ice/Air          6
   e - Ring of Flames                 Charms/Fire                  7
Comestibles
 f - 21 rations


   Skills:
 + Level 8.8(13.8) Fighting
 + Level 13.1(18.1) Axes
 + Level 0.5(5.5) Throwing
 + Level 8.4(13.4) Armour
 + Level 4.0(9.0) Dodging
 + Level 2.6(7.6) Stealth
 + Level 11.3(16.3) Shields
 + Level 0.4 Invocations
 + Level 0.2 Evocations


You had 9 spell levels left.
You knew the following spells:

 Your Spells              Type           Power        Failure   Level  Hunger
a - Poisonous Vapours     Pois/Air       #.....       92%         2    ###....


Dungeon Overview and Level Annotations

Branches:
Dungeon (12/15)            Temple (1/1) D:5            Lair (1/6) D:11
    Orc (0/2) D:9

Altars:
Ashenzari
Cheibriados
Dithmenos
Elyvilon
Fedhas
Gozag
Hepliaklqana
Kikubaaqudgha
Makhleb
Nemelex Xobeh
Okawaru
Qazlal
Ru
Sif Muna
Trog
Uskayaw
Vehumet
Wu Jian
Xom
Yredelemnul
Zin
The Shining One

Shops:
D:8 %*(*


Innate Abilities, Weirdness & Mutations

You cannot be hasted, slowed, berserked, paralysed or teleported.
You can dig through walls and to a lower floor.
Your four strong arms can wield two-handed weapons with a shield.
You have a pair of large antennae on your head. (SInv)
You are partially covered in icy blue scales. (AC +2)
You are partially covered in large bone plates. (SH +4)
Your skin changes colour to match your surroundings (Stealth+).


Message History

The eight-headed hydra bites you.
The eight-headed hydra bites you but does no damage.
You block the eight-headed hydra's attack. x2
The eight-headed hydra barely misses you.
The eight-headed hydra closely misses you.
The eight-headed hydra bites you!
* * * LOW HITPOINT WARNING * * *
You block the eight-headed hydra's attack.
You hit the eight-headed hydra.
The eight-headed hydra is severely wounded.
The eight-headed hydra bites you.
* * * LOW HITPOINT WARNING * * *
You block the eight-headed hydra's attack.
The eight-headed hydra bites you!
* * * LOW HITPOINT WARNING * * *
You block the eight-headed hydra's attack.
The eight-headed hydra bites you but does no damage.
You block the eight-headed hydra's attack.
The eight-headed hydra misses you. The eight-headed hydra bites you!
You die...

##### ....#
######################### ....#
#.......................# ....#
#....)....≈≈≈≈..........#
....####........≈≈§§≈≈)........#
....#..'........≈≈.§§§.........#
....'.##........§l>§§§.........#
....####......§≈≈D≈§§§.........#
....# #.......§@≈≈≈≈..........#
....# #.....§..≈≈≈............#
##### #.......................#
###'##.....#####'########
#.######## #...#### #.# ###....#
### #.# ######'## ..# #.#
#...#...# ..# #.# #.#.#.#.#


You could see an eight-headed hydra and a komodo dragon.

Vanquished Creatures
  3 two-headed ogres
  The ghost of vatarom the Protected, a novice GnWn of Yredelemnul (D:7)
  The ghost of Oravi the Martial Artist, a novice MfTm of Qazlal (D:9)
  Pikel (D:4)
  Maurice (D:9)
  A manticore (D:9)
  A black mamba (shapeshifter) (D:9)
  Psyche (D:8)
  A gargoyle (D:10)
  A spiny frog (D:11)
  A komodo dragon (D:11)
  A troll (D:9)
  A hippogriff (D:9)
  The ghost of glosham the Chopper, an amateur OpBe of Trog (D:6)
  7 yaks
  A wyvern (D:10)
  3 hogs (D:7)
  A human (D:7)
  A hungry ghost (D:9)
  A vampire mosquito (D:9)
  Menkaure (D:4)
  An acid dragon (D:11)
  A water moccasin (Lair:1)
  2 hell hounds (D:11)
  A porcupine (Lair:1)
  An orc warrior (D:7)
  3 sky beasts
  A hornet zombie (D:9)
  2 phantoms (D:6)
  10 ogres
  The ghost of vatarom the Chopper, an amateur GnWn (D:3)
  8 centaurs
  3 crocodiles
  8 bullfrogs
  A scorpion (D:8)
  9 killer bees
  27 wights
  A howler monkey (D:9)
  A bullfrog zombie (D:8)
  9 crimson imps
  A centaur zombie (D:7)
  2 quasits
  4 jellies
  5 orc priests
  7 hounds
  4 bullfrog skeletons
  10 orc wizards
  2 centaur skeletons
  4 iguanas
  6 worker ants
  A hound zombie (D:9)
  A hound skeleton (D:4)
  A worker ant zombie (D:11)
  20 adders
  7 gnolls (D:5)
  2 shadow imps
  2 oozes
  2 adder skeletons
  An adder zombie (D:9)
  3 worms
  2 dart slugs
  14 leopard geckos
  29 orcs
  2 ball pythons
  5 giant cockroaches
  5 goblins
  11 hobgoblins
  13 jackals
  15 kobolds
  3 quokkas
  5 bats
  3 frilled lizards (D:3)
  A leopard gecko zombie (D:8)
  A quokka skeleton (D:8)
  12 rats
327 creatures vanquished.

Vanquished Creatures (others)
  A slave (D:4)
  4 jackals (D:4)
  A quokka (D:7)
  A plant (Lair:1)
7 creatures vanquished.

Grand Total: 334 creatures vanquished

Notes
Turn   | Place    | Note
-------+----------+-------------------------------------------
     0 | D:1      | Kairos the Formicid Fighter began the quest for the Orb.
     0 | D:1      | Reached XP level 1. HP: 18/18 MP: 1/1
    18 | D:1      | Noticed a merfolk zombie
    91 | D:1      | Reached XP level 2. HP: 17/24 MP: 2/2
   257 | D:1      | Reached XP level 3. HP: 27/29 MP: 3/3
   864 | D:2      | Reached skill level 3 in Axes
   864 | D:2      | Reached XP level 4. HP: 33/37 MP: 4/4
  1575 | D:3      | Reached skill level 1 in Dodging
  1575 | D:3      | Reached XP level 5. HP: 10/42 MP: 5/5
  2094 | D:3      | Noticed vatarom's ghost (amateur GnWn)
  2100 | D:3      | Killed vatarom's ghost
  2100 | D:3      | Reached skill level 4 in Axes
  2100 | D:3      | Reached XP level 6. HP: 35/48 MP: 6/6
  2497 | D:3      | Found an ornate altar of the Wu Jian Council.
  2663 | D:4      | Noticed a sky beast
  2684 | D:4      | Killed a sky beast
  2840 | D:4      | Reached XP level 7. HP: 55/55 MP: 7/7
  2897 | D:4      | Noticed Menkaure
  2904 | D:4      | Killed Menkaure
  2904 | D:4      | Reached skill level 5 in Axes
  2904 | D:4      | Reached skill level 5 in Shields
  2935 | D:4      | Noticed Pikel
  2977 | D:4      | Killed Pikel
  2977 | D:4      | Reached skill level 5 in Fighting
  2977 | D:4      | Reached skill level 6 in Axes
  2977 | D:4      | Reached skill level 5 in Armour
  2977 | D:4      | Reached XP level 8. HP: 24/62 MP: 8/8
  3181 | D:4      | Reached skill level 7 in Axes
  3470 | D:4      | Found a snail-covered altar of Cheibriados.
  3663 | D:5      | Entered Level 5 of the Dungeon
  3691 | D:5      | Got a pair of jewelled gloves
  3697 | D:5      | Identified the +3 pair of gloves "Qonut" {Int+6} (You found it on level 5 of the Dungeon)
  3921 | D:5      | Reached XP level 9. HP: 68/68 MP: 9/9
  4113 | D:5      | Found a staircase to the Ecumenical Temple.
  4243 | D:5      | Found an ancient bone altar of Kikubaaqudgha.
  4404 | Temple   | Entered the Ecumenical Temple
  4459 | Temple   | Became a worshipper of Warmaster Okawaru
  4618 | D:6      | Reached skill level 8 in Axes
  4748 | D:6      | Found a glowing drain.
  4768 | Sewer    | Entered a sewer
  4986 | D:6      | Noticed glosham's ghost (amateur OpBe)
  4999 | D:6      | Killed glosham's ghost
  4999 | D:6      | Reached * piety under Okawaru
  5084 | D:6      | Reached skill level 9 in Axes
  5096 | D:6      | Found a blossoming altar of Fedhas.
  5373 | D:6      | Gained mutation: You are dopey. (Int -2) [potion of mutation]
  5373 | D:6      | Gained mutation: You are partially covered in molten scales. (AC +2) [potion of mutation]
  5374 | D:6      | Lost mutation: You are dopey. (Int -2) [potion of mutation]
  5374 | D:6      | Gained mutation: Your skin changes colour to match your surroundings (Stealth+). [potion of mutation]
  5374 | D:6      | Gained mutation: Your flesh is cold resistant. (rC+) [potion of mutation]
  5374 | D:6      | Gained mutation: You are clumsy. (Dex -2) [potion of mutation]
  5374 | D:6      | Gained mutation: Your muscles are strong. (Str +2) [potion of mutation]
  5514 | D:7      | Lost mutation: You are clumsy. (Dex -2) [potion of mutation]
  5514 | D:7      | Lost mutation: Your muscles are strong. (Str +2) [potion of mutation]
  5514 | D:7      | Lost mutation: You are partially covered in molten scales. (AC +2) [potion of mutation]
  5514 | D:7      | Lost mutation: Your flesh is cold resistant. (rC+) [potion of mutation]
  5514 | D:7      | Gained mutation: Your mind is acute. (Int +2) [potion of mutation]
  5514 | D:7      | Gained mutation: Your movements are slightly less encumbered by armour. (ER -2) [potion of mutation]
  5549 | D:7      | Reached XP level 10. HP: 34/76 MP: 10/10
  5636 | D:7      | Lost mutation: Your mind is acute. (Int +2) [potion of mutation]
  5636 | D:7      | Lost mutation: Your movements are slightly less encumbered by armour. (ER -2) [potion of mutation]
  5636 | D:7      | Gained mutation: You are partially covered in icy blue scales. (AC +2) [potion of mutation]
  5636 | D:7      | Gained mutation: You are partially covered in large bone plates. (SH +4) [potion of mutation]
  5638 | D:7      | Found a shadowy altar of Dithmenos.
  5684 | D:7      | Reached ** piety under Okawaru
  5696 | D:7      | Reached skill level 10 in Axes
  5768 | D:7      | Found a white marble altar of Elyvilon.
  6155 | D:7      | Noticed vatarom's ghost (novice GnWn)
  6195 | D:7      | Killed vatarom's ghost
  6195 | D:7      | Reached *** piety under Okawaru
  6447 | D:8      | Noticed a two-headed ogre
  6463 | D:8      | Killed a two-headed ogre
  6463 | D:8      | Reached skill level 1 in Stealth
  6573 | D:8      | Found Basuc's General Store.
  6590 | D:8      | Found Diuvuz's Food Boutique.
  6593 | D:8      | Reached XP level 11. HP: 84/84 MP: 11/11
  6600 | D:8      | Reached **** piety under Okawaru
  6672 | D:8      | Found Xuadiq's Weapon Emporium.
  6839 | D:8      | Noticed Psyche
  6848 | D:8      | Killed Psyche
  6848 | D:8      | Reached skill level 11 in Axes
  6861 | D:8      | Found Plog's General Store.
  7092 | D:9      | Found a basalt altar of Yredelemnul.
  7201 | D:9      | Found a hazy altar of Hepliaklqana.
  7260 | D:9      | Found a radiant altar of Vehumet.
  7302 | D:9      | Noticed a manticore
  7350 | D:9      | Killed a manticore
  7466 | D:9      | Noticed Maurice
  7626 | D:9      | Reached skill level 10 in Shields
  7834 | D:9      | Noticed Oravi's ghost (novice MfTm)
  7865 | D:9      | Killed Oravi's ghost
  7881 | D:9      | Killed Maurice
  7881 | D:9      | Received a gift from Okawaru
  7881 | D:9      | Reached skill level 12 in Axes
  8168 | D:9      | Noticed a two-headed ogre
  8180 | D:9      | Killed a two-headed ogre
  8180 | D:9      | Reached ***** piety under Okawaru
  8340 | D:9      | Found a staircase to the Orcish Mines.
  8618 | D:10     | Entered Level 10 of the Dungeon
  8805 | D:10     | Noticed a two-headed ogre
  8821 | D:10     | Killed a two-headed ogre
  8821 | D:10     | Reached XP level 12. HP: 92/92 MP: 12/12
  8905 | D:10     | Learned a level 2 spell: Poisonous Vapours
  9700 | D:11     | Found a staircase to the Lair.
 10023 | D:11     | Received a gift from Okawaru
 10369 | D:8      | Bought a scroll of acquirement for 572 gold pieces
 10419 | D:8      | Bought a potion of curing for 48 gold pieces
 10529 | Lair:1   | Entered Level 1 of the Lair of Beasts
 10533 | Lair:1   | Noticed an eight-headed hydra
 10540 | Lair:1   | Reached skill level 13 in Axes
 11419 | D:11     | Slain by an eight-headed hydra

Skill      XL: |  1  2  3  4  5  6  7  8  9 10 11 12 |
---------------+-------------------------------------+-----
Shields        | 4 5 6 7 9 10 11 | 11.3
Axes           | 3 4 6 7 9 10 12 13 | 13.1
Dodging        | 1 2 3 4 |  4.0
Fighting       | 4 5 6 7 8 |  8.8
Armour         | 4 5 6 7 8 |  8.4
Stealth        | 1 2 |  2.6
Throwing       | |  0.5
Invocations    | |  0.4
Evocations     | |  0.2

Action                   |  1- 3 |  4- 6 |  7- 9 | 10-12 || total
-------------------------+-------+-------+-------+-------++-------
Melee: War axe           |    93 |   141 |   313 |   602 ||  1149
       Executioner's axe |       |       |       |    45 ||    45
       Great mace        |       |       |       |     6 ||     6
Throw: Javelin           |       |       |       |     4 ||     4
Invok: Heroism           |       |       |       |     6 ||     6
 Abil: Dig               |     1 |       |       |       ||     1
Evoke: Wand              |       |       |       |     2 ||     2
  Use: Scroll            |     6 |     1 |    10 |     7 ||    24
       Potion            |       |       |     5 |     2 ||     7
 Stab: Sleeping          |       |       |       |     1 ||     1
  Eat: Chunk             |       |     6 |    10 |    13 ||    29
       Ration            |       |       |       |     4 ||     4
Armor: Scale mail        |    45 |    55 |   100 |   136 ||   336
       Skin              |       |       |     1 |       ||     1
       Chain mail        |       |       |       |    46 ||    46
Dodge: Dodged            |    46 |    44 |   101 |   186 ||   377
Block: Shield            |    63 |    77 |   161 |   524 ||   825
       Reflection        |       |       |       |     5 ||     5
